 Dungeon Crawl Stone Soup version 0.26.0-11-g8f856b5395 (webtiles) character file.

Game seed: 1315620900234120688

569812 Marvel the Axe Maniac (level 26, -18/206 HPs)
             Began as a Hill Orc Fighter on Jan 14, 2021.
             Was a High Priest of the Shining One.
             Killed by a royal mummy's death curse (20 damage)
             ... on level 3 of the Tomb of the Ancients on Jan 15, 2021.
             The game lasted 04:25:55 (52479 turns).

Marvel the Axe Maniac (Hill Orc Fighter)           Turns: 52479, Time: 04:25:56

Health: -18/206    AC: 45    Str: 31 (32) XL:     26   Next: 93%
Magic:  34/35      EV:  9    Int:  7 (11) God:    the Shining One [*****.]
Gold:   5871       SH: 42    Dex: 14 (15) Spells: 25/25 levels left

rFire    . . .     SeeInvis .   a - +9 war axe (holy)
rCold    . . .     Faith    .   c - +5 kite shield
rNeg     + + .     Spirit   .   Q - +8 chain mail of Indemnity {Will+++ Regen+ Str+3}
rPois    +         Reflect  +   R - +1 helmet
rElec    .         Harm     .   s - +0 cloak
rCorr    .         Rampage  .   l - +2 pair of gloves {Dex+3}
Will     ++++.     Clarity  +   e - +1 pair of boots {run}
Stlth    ..........             C - amulet of reflection
HPRegen  0.84/turn              T - ring "Nitza Vucly" {+Fly AC+4 Int+3}
MPRegen  0.24/turn              v - +4 ring of protection

@: divine shield, hasted, glowing, very quick
A: icy blue scales 1, thin metallic scales 1, blurry vision 1, clarity, frail 2,
sense surroundings 1, poison resistance, shaggy fur 1
}: 3/15 runes: decaying, serpentine, silver
a: Renounce Religion, Evoke Flight, Divine Shield, Cleansing Flame, Summon
Divine Warrior


You were on level 3 of the Tomb of the Ancients.
You worshipped the Shining One.
The Shining One was extremely pleased with you.
You visited 9 branches of the dungeon, and saw 45 of its levels.
You also visited: Ossuary and Ice Cave.

You collected 8062 gold pieces.
You spent 2191 gold pieces at shops.

Inventory:

Hand Weapons
 a - a +9 war axe of holy wrath (weapon)
 D - the +8 hand axe of Ambiguity {flame, rF+ Will+ Str-3}
   (You found it on level 3 of the Crypt)

   It has been specially enchanted to burn those struck by it, causing extra
   injury to most foes and up to half again as much damage against particularly
   susceptible opponents.
   Big, fiery blades are also staple armaments of hydra-hunters.
   It affects your strength (-3).
   It protects you from fire.
   It affects your willpower, your defense against some magical effects.
 X - the +6 dagger of Eternal Vigilance {freeze, rF+++ rC++ Dex-2}
   (You took it off a naga warrior on level 1 of the Snake Pit)

   It has been specially enchanted to freeze those struck by it, causing extra
   injury to most foes and up to half again as much damage against particularly
   susceptible opponents.
   It can also slow down cold-blooded creatures.
   It affects your dexterity (-2).
   It renders you almost immune to fire.
   It greatly protects you from cold.
Missiles
 w - 116 poisoned darts (quivered)
 S - 27 atropa-tipped darts
Armour
 c - a +5 kite shield (worn)
 e - a +1 pair of boots of running (worn)
 l - a +2 pair of gloves of dexterity (worn)
 s - a +0 cloak (worn)
 Q - the +8 chain mail of Indemnity (worn) {Will+++ Regen+ Str+3}
   (You found it on level 7 of the Dungeon)

   It affects your strength (+3).
   It affects your willpower, your defense against some magical effects.
   It increases your rate of regeneration.
 R - a +1 helmet (worn)
Jewellery
 p - an uncursed ring of resist corrosion
 v - a +4 ring of protection (right hand)
 y - an uncursed ring of protection from fire
 C - an amulet of reflection (around neck)
 T - the ring "Nitza Vucly" (left hand) {+Fly AC+4 Int+3}
   (You took it off a fire giant on level 5 of the Vaults)

   [ring of protection]

   It affects your AC (+4).
   It affects your intelligence (+3).
   It lets you fly.
Wands
 i - a wand of digging (29)
 m - a wand of iceblast (90)
 A - a wand of acid (36)
 I - a wand of polymorph (52)
 N - a wand of flame (58)
 P - a wand of paralysis (58)
 U - a wand of disintegration (31)
 W - a wand of enslavement (32)
Scrolls
 b - 2 scrolls of holy word
 d - 2 scrolls of summoning
 g - 24 scrolls of remove curse
 q - 8 scrolls of fog
 r - 7 scrolls of fear
 F - 18 scrolls of teleportation
 K - 3 scrolls of blinking
 M - 26 scrolls of identify
 O - 3 scrolls of silence
 V - 11 scrolls of amnesia
 Y - 4 scrolls of magic mapping
Potions
 h - 4 potions of magic
 j - 9 potions of brilliance
 o - 2 potions of ambrosia
 t - 3 potions of resistance
 x - 2 potions of berserk rage
 z - 10 potions of curing
 E - 4 potions of haste
 H - 11 potions of flight
 J - a potion of cancellation
Miscellaneous
 k - a box of beasts (inert)
 u - a lightning rod (4/4)
 B - a tin of tremorstones (2/2)
 L - a phial of floods


   Skills:
 + Level 25.1 Fighting
 - Level 1.0 Long Blades
 O Level 27 Axes
 - Level 7.0 Throwing
 + Level 16.1 Armour
 - Level 0.5 Dodging
 + Level 3.2 Stealth
 + Level 26.5 Shields
 + Level 16.2 Invocations
 + Level 2.5 Evocations


You had 25 spell levels left.
You didn't know any spells.
Your spell library contained the following spells:

 Spells                   Type           Power        Failure   Level
 Animate Skeleton         Necr           0%           80%         1
 Apportation              Tloc           0%           80%         1
 Beastly Appendage        Tmut           0%           80%         1
 Corona                   Hex            0%           80%         1
 Freeze                   Ice            0%           80%         1
 Magic Dart               Conj           0%           80%         1
 Shock                    Conj/Air       0%           80%         1
 Sting                    Tmut/Pois      0%           80%         1
 Summon Small Mammal      Summ           0%           80%         1
 Blink                    Tloc           N/A          91%         2
 Call Imp                 Summ           0%           91%         2
 Corpse Rot               Necr/Air       N/A          91%         2
 Ensorcelled Hibernation  Hex/Ice        0%           91%         2
 Poisonous Vapours        Pois/Air       0%           91%         2
 Searing Ray              Conj           0%           91%         2
 Slow                     Hex            0%           91%         2
 Sublimation of Blood     Necr           0%           91%         2
 Swiftness                Air            0%           91%         2
 Wereblood                Tmut           0%           91%         2
 Confusing Touch          Hex            0%           99%         3
 Conjure Flame            Conj/Fire      0%           99%         3
 Dazzling Flash           Conj/Hex       0%           99%         3
 Gell's Gravitas          Tloc           0%           99%         3
 Ignite Poison            Fire/Tmut/Pois 0%           99%         3
 Inner Flame              Hex/Fire       0%           99%         3
 Lesser Beckoning         Tloc           0%           99%         3
 Mephitic Cloud           Conj/Pois/Air  0%           99%         3
 Portal Projectile        Hex/Tloc       0%           99%         3
 Spider Form              Tmut/Pois      0%           99%         3
 Static Discharge         Conj/Air       0%           99%         3
 Tukima's Dance           Hex            0%           99%         3
 Airstrike                Air            0%           100%        4
 Animate Dead             Necr           0%           100%        4
 Cause Fear               Hex            0%           100%        4
 Dispel Undead            Necr           0%           100%        4
 Fulminant Prism          Conj/Hex       0%           100%        4
 Ice Form                 Ice/Tmut       0%           100%        4
 Iskenderun's Mystic Bla  Conj/Tloc      0%           100%        4
 Leda's Liquefaction      Hex/Erth       0%           100%        4
 Olgreb's Toxic Radiance  Pois           0%           100%        4
 Petrify                  Tmut/Erth      0%           100%        4
 Summon Lightning Spire   Summ/Air       0%           100%        4
 Agony                    Necr           0%           100%        5
 Alistair's Intoxication  Tmut/Pois      0%           100%        5
 Blade Hands              Tmut           0%           100%        5
 Borgnjor's Vile Clutch   Necr/Erth      0%           100%        5
 Excruciating Wounds      Necr           0%           100%        5
 Irradiate                Conj/Tmut      0%           100%        5
 Lightning Bolt           Conj/Air       0%           100%        5
 Metabolic Englaciation   Hex/Ice        0%           100%        5
 Silence                  Hex/Air        0%           100%        5
 Summon Demon             Summ           0%           100%        5
 Summon Forest            Summ/Tloc      0%           100%        5
 Summon Mana Viper        Hex/Summ       0%           100%        5
 Yara's Violent Unravell  Hex/Tmut       0%           100%        5
 Death Channel            Necr           0%           100%        6
 Eringya's Noxious Bog    Tmut/Pois      0%           100%        6
 Freezing Cloud           Conj/Ice/Air   0%           100%        6
 Invisibility             Hex            0%           100%        6
 Ozocubu's Refrigeration  Ice            0%           100%        6
 Shadow Creatures         Summ           N/A          100%        6
 Simulacrum               Ice/Necr       0%           100%        6
 Haunt                    Necr/Summ      0%           100%        7
 Summon Hydra             Summ           0%           100%        7
 Borgnjor's Revivificati  Necr           0%           100%        8
 Discord                  Hex            0%           100%        8
 Infestation              Necr           0%           100%        8
 Necromutation            Tmut/Necr      0%           100%        8
 Death's Door             Necr           0%           100%        9


Dungeon Overview and Level Annotations

Branches:
Dungeon (15/15)            Temple (0/1) D:7            Lair (6/6) D:11
  Swamp (4/4) Lair:2        Snake (4/4) Lair:2        Slime (0/5) Lair:6
    Orc (2/2) D:11            Elf (3/3) Orc:2        Vaults (5/5) D:13
  Crypt (3/3) Vaults:3       Tomb (3/3) Crypt:3      Depths (0/5) D:15
Ossuary (visited)           IceCv (visited)

Altars:
Ashenzari
Hepliaklqana
Kikubaaqudgha
Makhleb
Nemelex Xobeh
Qazlal
Ru
Xom
Yredelemnul
The Shining One

Shops:
D:6 [   D:12 }   D:13 ![}[   D:15 [   Orc:2 **(*(   Elf:2 [   Snake:1 *}=}
Snake:3 :

Portals:
Abyss: Lair:2
Trove: D:11 (give +4 demon whip)

Annotations:
D:5 3 runed translucent doors, Acheron's ghost, novice TrWn


Innate Abilities, Weirdness & Mutations

You are partially covered in icy blue scales. (AC +2)
You are partially covered in thin metallic scales. (AC +2)
Scrolls take you a little longer to read.
You possess an exceptional clarity of mind.
You are very frail. (-20% HP)
You passively map a small area around you.
Your system is resistant to poisons. (rPois)
You are covered in fur. (AC +1)


Message History

Your larval stingweird beast constricts the mana viper.
The mana viper barely misses your daeva.
You block the mana viper's attack.
The royal mummy gestures at you while chanting.
Something smites you!
* * * LOW HITPOINT WARNING * * *
Really read with blurry vision while enemies are nearby?
The ushabti shakes and rattles.
The vile air hits the guardian mummy but does no damage.
The vile air hits you but does no damage.
The vile air hits your daeva but does no damage.
The vile air hits your larval stingweird beast but does no damage.
Your daeva hits the royal mummy with a +5 scimitar of holy wrath!!
The royal mummy is destroyed!
The Shining One accepts your kill.
Your larval stingweird beast loses its grip on the mana viper.
The mana viper disappears in a puff of smoke! x2
You feel extremely nervous for a moment...
Pain shoots through your body!!
You die...

############################
####........§§.M☼8MMM8B........
#.○.........HA@######..........
.........?☼§..##* ##.^.......
*...........).## ##!.$...:.
.........$.### , ... ###......
....[....$## , ,..... ##.§... *
.........§# * , ,.....#* #)8MAB
M........##** ,......####M.B.
,.....^....§M....
.....MM...BM.. ...../..n..z....
......^...MM..


You could see a royal mummy, 2 guardian mummies, 2 ushabtiu, a mummy, a friendly
daeva (summoned) and a friendly larval stingweird beast (summoned).

Vanquished Creatures
  Khufu (Tomb:3)
  Mennas (Vaults:5)
  2 ancient liches
  10 royal mummies
  Bai Suzhen (Swamp:3)
  Vashnia (Snake:2)
  2 golden dragons
  A profane servitor (Crypt:3)
  Nikola (Snake:3)
  A bone dragon (Crypt:3)
  5 tentacled monstrosities
  Jorgrun (Swamp:1)
  A deep elf blademaster (Elf:3)
  3 quicksilver dragons
  5 liches
  4 titans
  2 deep elf master archers (Elf:3)
  10 sphinxes
  Frances (Swamp:1)
  8 ancient champions
  The ghost of Sagen the Devastator, an adept DrCj of Vehumet (Snake:3)
  5 shadow dragons
  Roxanne (Swamp:3)
  Donald (Elf:3)
  4 storm dragons
  2 tengu reavers (Vaults:5)
  5 revenants
  A fenstrider witch (Swamp:3)
  14 nagarajas
  2 fire giants (Vaults:5)
  3 deep elf sorcerers
  A fire giant (shapeshifter) (Vaults:5)
  2 iron dragons (Vaults:5)
  2 frost giants (Vaults:5)
  2 orc warlords
  Aizul (Snake:2)
  Louise (Elf:2)
  10 vault wardens
  6 ghouls
  7 deep elf elementalists
  9 stone giants
  A reaper (IceCv)
  13 ironheart preservers
  4 vampire knights
  4 very ugly things (Vaults:4)
  3 deep elf demonologists
  9 bennus
  Nessos (D:14)
  An entropy weaver (Vaults:4)
  The ghost of Keeluq the Geomancer, a journeyman GrEE of Vehumet (Orc:1)
  2 bunyips
  9 deep elf annihilators
  Snorg (Lair:6)
  2 eidola (Crypt:1)
  3 eleionomae (Swamp:3)
  16 mummy priests
  7 deep elf death magi
  21 jiangshi
  6 ettins
  13 ogre magi
  6 deep elf high priests
  A shambling mangrove (Swamp:3)
  11 yaktaur captains
  2 great orbs of eyes (Vaults:4)
  28 vault guards
  13 naga warriors
  18 hydras
  3 ghost crabs
  12 boulder beetles
  4 ice dragons
  Erica (D:7)
  9 anacondas
  A spectral stone giant (Crypt:3)
  An anaconda (shapeshifter) (Vaults:4)
  29 dancing weapons
  4 death knights
  13 centaur warriors
  12 alligators
  23 death yaks
  47 two-headed ogres
  3 catoblepae (Lair:6)
  A titan zombie (Tomb:2)
  A tengu warrior (D:13)
  39 death scarabs
  6 vampire magi
  The ghost of generaletaddeo the Covert, a journeyman VSBr of Gozag (Lair:2)
  A thrashing horror (Lair:2)
  A soul eater (Crypt:2)
  16 naga sharpshooters
  Urug (Orc:2)
  9 shock serpents
  12 deep elf knights
  Nergalle (Lair:4)
  4 shadow wraiths
  35 skeletal warriors
  4 spriggan druids
  3 goliath frogs
  4 unseen horrors
  10 sea snakes (Snake:4)
  An anaconda zombie (Tomb:2)
  2 salamander mystics
  5 flayed ghosts
  10 deep trolls
  5 bog bodies
  2 glowing orange brains
  A golden dragon skeleton (Crypt:1)
  A glowing orange brain (shapeshifter) (Vaults:1)
  11 orc knights
  4 wizards
  5 naga ritualists
  2 swamp dragons
  3 necromancers
  8 deep elf archers
  10 harpies
  10 ironbrand convokers
  2 shadow dragon zombies
  17 phantasmal warriors
  A lindwurm (Lair:3)
  4 manticores
  15 mana vipers
  A harpy (shapeshifter) (Vaults:2)
  A mana viper (shapeshifter) (Vaults:4)
  An orc sorcerer (Orc:2)
  64 deep elf magi
  An oklob plant (Lair:5)
  15 salamanders
  7 cyclopes
  2 salamanders (shapeshifter) (Vaults:1)
  A fire giant zombie (Tomb:1)
  A moth of wrath (shapeshifter) (Vaults:4)
  A worldbinder (Lair:2)
  46 ugly things
  2 iron dragon skeletons (Tomb:2)
  Maurice (Orc:1)
  4 will-o-the-wisps
  4 elephants (Lair:4)
  4 guardian serpents (Snake:4)
  54 black mambas
  A water nymph (D:13)
  6 vault sentinels
  2 ice statues (IceCv)
  18 naga magi
  Joseph (D:8)
  Psyche (D:8)
  A gargoyle (D:12)
  A green draconian zombie (Crypt:2)
  2 torpor snails
  14 cane toads
  A rime drake (shapeshifter) (Vaults:2)
  6 kobold demonologists
  15 freezing wraiths
  26 yaktaurs
  An efreet (D:14)
  A dire elephant skeleton (Crypt:1)
  7 komodo dragons
  A komodo dragon (shapeshifter) (Vaults:4)
  4 rime drakes
  7 ice devils (IceCv)
  A red devil (Lair:2)
  34 guardian mummies
  A sea snake skeleton (Crypt:2)
  A queen bee (Lair:4)
  A jumping spider (Vaults:4)
  2 wolf spider simulacra
  A bloated husk (Swamp:4)
  10 trolls
  3 large abominations (Crypt:3)
  4 polar bears
  A moth of wrath zombie (Crypt:1)
  A jumping spider (shapeshifter) (Vaults:5)
  3 meliai (Lair:4)
  7 hornets
  5 tyrant leeches
  A blink frog (shapeshifter) (Vaults:1)
  13 slime creatures
  A meliai zombie (D:12)
  10 blink frogs
  An iron dragon simulacrum (Crypt:1)
  A stone giant simulacrum (Crypt:3)
  A redback (Vaults:4)
  69 flying skulls
  A shapeshifter (D:14)
  2 frost giant simulacra
  10 wyverns
  A spriggan (shapeshifter) (D:11)
  A tarantella (shapeshifter) (Vaults:4)
  An ice dragon skeleton (Tomb:1)
  8 wraiths
  2 spriggans
  3 ushabtiu
  2 air elementals
  5 shadows
  2 vampires (D:15)
  An ettin skeleton (Vaults:4)
  77 yaks
  Grum (D:11)
  A basilisk (shapeshifter) (Vaults:1)
  A yak (shapeshifter) (Vaults:4)
  8 vampire mosquitoes
  3 basilisks
  4 water elementals
  2 fire elementals (Elf:3)
  18 swamp worms
  69 nagas
  2 swamp worm simulacra (Swamp:4)
  A soldier ant (D:15)
  4 wargs
  A two-headed ogre zombie (Crypt:1)
  Edmund (D:6)
  2 acid dragons
  Duvessa (D:6)
  A spectral snapping turtle (Crypt:3)
  17 hydra simulacra (Swamp:4)
  15 water moccasins
  3 swamp drakes
  47 orc warriors
  3 black bears
  7 ice beasts
  4 phantoms
  12 necrophages
  7 wolves
  An ettin simulacrum (Tomb:3)
  39 ogres
  2 sky beasts
  A boggart (shapeshifter) (Vaults:5)
  7 boggarts
  38 centaurs
  12 big kobolds
  25 bullfrogs
  2 elf zombies
  A fire crab zombie (Crypt:2)
  A cyclops zombie (Crypt:2)
  A rime drake skeleton (Crypt:1)
  3 earth elementals
  Dowan (D:6)
  A wyvern zombie (D:13)
  4 scorpions
  A polar bear zombie (Crypt:2)
  A water moccasin skeleton (Crypt:1)
  2 wyvern skeletons
  32 killer bees
  13 wights
  4 electric eels (Lair:5)
  5 howler monkeys
  A small abomination (Crypt:3)
  7 centaur zombies
  A human zombie (Ossuary)
  A quasit (D:12)
  26 orc priests
  4 bullfrog zombies
  5 hounds
  11 jellies (Lair:6)
  12 orc wizards
  3 bullfrog skeletons
  9 centaur skeletons
  3 iguanas
  Terence (D:2)
  11 worker ants
  3 hell rats (D:11)
  A bullfrog simulacrum (D:13)
  A big kobold skeleton (Crypt:1)
  3 big kobold zombies (Ossuary)
  A felid skeleton (Crypt:1)
  A naga skeleton (Crypt:1)
  3 hound skeletons
  43 mummies
  Robin (D:2)
  A gnoll (D:3)
  3 worker ant zombies
  15 adders
  A swamp drake skeleton (Crypt:1)
  A shadow imp (D:5)
  8 white imps
  9 ufetubi
  4 oozes
  6 swamp drake simulacra (Swamp:4)
  2 adder zombies (Ossuary)
  4 worms
  4 dart slugs (D:1)
  2 leopard geckos
  108 orcs
  3 giant cockroaches
  14 goblins
  6 hobgoblins
  25 jackals
  A quokka (D:11)
  A ball python (D:2)
  8 bats
  6 frilled lizards
  7 hobgoblin zombies (Ossuary)
  3 jackal zombies
  17 kobolds
  12 kobold zombies (Ossuary)
  A leopard gecko zombie (Crypt:2)
  6 orc zombies (Ossuary)
  6 rats
  A bush (Lair:5)
  11 crawling corpses
2261 creatures vanquished.

Vanquished Creatures (collateral kills)
  5 royal mummies
  3 ancient champions
  A revenant (Tomb:3)
  A vault warden (Vaults:5)
  A deep elf sorcerer (Elf:3)
  5 bennus
  A deep elf annihilator (Elf:3)
  An eleionoma (shapeshifter) (D:13)
  2 mummy priests
  2 dancing weapons (Elf:2)
  3 death scarabs (Tomb:2)
  A deep elf knight (Elf:2)
  A skeletal warrior (Tomb:2)
  4 deep elf magi (Elf:2)
  An ugly thing (D:13)
  A freezing wraith (D:13)
  11 guardian mummies
  A slime creature (Vaults:1)
  7 flying skulls
  7 ushabtiu
  A sky beast (D:13)
  A boggart (Vaults:2)
  11 mummies
  An orc (Vaults:2)
73 creatures vanquished.

Vanquished Creatures (others)
  Asterion (Snake:2)
  A sphinx (Vaults:5)
  A deep elf death mage (Elf:3)
  A deep elf high priest (Elf:3)
  A naga warrior (Snake:4)
  2 vault guards (Vaults:5)
  A dancing weapon (Elf:3)
  A mana viper (Snake:2)
  A salamander (Snake:3)
  A vault sentinel (Vaults:5)
  A naga mage (Snake:3)
  A bloated husk (Swamp:3)
  A water elemental (Elf:3)
  3 nagas
  A swamp drake (Swamp:4)
  A white imp (IceCv)
  6 ufetubi (IceCv)
  12 foxfires
  34 fungi
  55 plants
126 creatures vanquished.

Grand Total: 2460 creatures vanquished

Notes
Turn   | Place    | Note
-------+----------+-------------------------------------------
     0 | D:1      | Marvel the Hill Orc Fighter began the quest for the Orb.
     0 | D:1      | Reached XP level 1. HP: 19/19 MP: 1/1
   105 | D:1      | Reached XP level 2. HP: 27/27 MP: 2/2
   291 | D:1      | Reached skill level 3 in Axes
   356 | D:1      | Reached XP level 3. HP: 21/33 MP: 3/3
  1473 | D:2      | Found a glowing golden altar of the Shining One.
  1474 | D:2      | Noticed Terence
  1489 | D:2      | Killed Terence
  1490 | D:2      | Reached XP level 4. HP: 32/40 MP: 4/4
  1493 | D:2      | Became a worshipper of the Shining One
  1629 | D:2      | Noticed Robin
  1636 | D:2      | Reached skill level 4 in Axes
  1649 | D:2      | Killed Robin
  2356 | D:2      | Reached XP level 5. HP: 24/47 MP: 5/5
  2756 | D:3      | Reached skill level 5 in Axes
  2895 | D:3      | Reached XP level 6. HP: 53/53 MP: 6/6
  3798 | D:4      | Reached skill level 6 in Axes
  3845 | D:4      | Found a sacrificial altar of Ru.
  3891 | D:4      | Found a broken altar of Ashenzari.
  3916 | D:4      | Reached skill level 5 in Fighting
  4349 | D:5      | Entered Level 5 of the Dungeon
  4364 | D:5      | Reached * piety under the Shining One
  4372 | D:5      | Reached XP level 7. HP: 25/61 MP: 7/7
  4574 | D:5      | Reached skill level 7 in Axes
  4630 | D:5      | Found a broken altar of Ashenzari.
  4699 | D:5      | Found a runed translucent gate.
  4700 | D:5      | Found a runed translucent gate.
  4701 | D:5      | Found a runed translucent gate.
  4702 | D:5      | Noticed Acheron's ghost (novice TrWn)
  4866 | D:5      | Reached skill level 5 in Shields
  5019 | D:5      | Reached skill level 8 in Axes
  5083 | D:6      | Noticed Duvessa
  5084 | D:6      | Noticed Dowan
  5149 | D:6      | Noticed Edmund
  5159 | D:6      | Killed Edmund
  5160 | D:6      | Reached XP level 8. HP: 49/70 MP: 8/8
  5331 | D:6      | Found a hazy altar of Hepliaklqana.
  5341 | D:6      | Reached ** piety under the Shining One
  5363 | D:6      | Reached skill level 9 in Axes
  5379 | D:6      | Killed Duvessa
  5386 | D:6      | Found a stormy altar of Qazlal.
  5395 | D:6      | Killed Dowan
  5396 | D:6      | Reached skill level 5 in Armour
  5416 | D:6      | Found Ygeus's Armour Emporium.
  5419 | D:6      | Reached skill level 10 in Axes
  5425 | D:6      | Reached skill level 1 in Throwing
  5719 | D:6      | Found a sand-covered staircase.
  5728 | Ossuary  | Entered an ossuary
  5783 | Ossuary  | Reached *** piety under the Shining One
  5876 | Ossuary  | Reached **** piety under the Shining One
  5877 | Ossuary  | Reached XP level 9. HP: 78/78 MP: 9/9
  5991 | Ossuary  | Reached skill level 11 in Axes
  6113 | D:6      | Noticed a two-headed ogre
  6122 | D:6      | Killed a two-headed ogre
  6123 | D:6      | Reached skill level 12 in Axes
  6297 | D:6      | Reached ***** piety under the Shining One
  6661 | D:7      | Got a fine chain mail
  6672 | D:7      | Identified the +8 chain mail of Indemnity {Will+++ Regen+
                  | Str+3} (You found it on level 7 of the Dungeon)
  6833 | D:7      | Found a staircase to the Ecumenical Temple.
  7101 | D:7      | Reached XP level 10. HP: 86/88 MP: 10/10
  7131 | D:7      | Found a burning altar of Makhleb.
  7173 | D:7      | Found a basalt altar of Yredelemnul.
  7670 | D:8      | Noticed Erica
  7673 | D:8      | Noticed Joseph
  7696 | D:7      | Killed Erica
  7697 | D:7      | Reached skill level 13 in Axes
  7803 | D:8      | Killed Joseph
  7873 | D:8      | Noticed Psyche
  7881 | D:8      | Killed Psyche
  8452 | D:9      | Reached skill level 1 in Stealth
  8515 | D:9      | Reached skill level 14 in Axes
  8593 | D:9      | Reached XP level 11. HP: 97/97 MP: 11/11
  9149 | D:10     | Entered Level 10 of the Dungeon
  9903 | D:11     | Found a staircase to the Orcish Mines.
  9951 | D:11     | Reached ****** piety under the Shining One
  9971 | D:11     | Noticed a death yak
  9974 | D:11     | Identified a +4 war axe of holy wrath (a +2 war axe blessed
                  | by the Shining One)
  9974 | D:11     | Received a gift from the Shining One
  9976 | D:11     | Noticed a death yak
  9977 | D:11     | Noticed a death yak
  9982 | D:11     | Killed a death yak
  9983 | D:11     | Reached skill level 10 in Fighting
  9983 | D:11     | Reached skill level 15 in Axes
  9991 | D:11     | Killed a death yak
  9997 | D:11     | Killed a death yak
  9999 | D:11     | Noticed Grum
 10024 | D:11     | Killed Grum
 10072 | D:11     | Found a staircase to the Lair.
 10348 | D:11     | Found a portal to a secret trove of treasure.
 10534 | D:12     | Found Yhasi's Gadget Shoppe.
 10542 | D:12     | Reached XP level 12. HP: 99/108 MP: 12/12
 10565 | D:12     | Noticed a five-headed hydra
 10567 | D:12     | Reached skill level 16 in Axes
 10576 | D:12     | Killed a one-headed hydra
 10627 | D:12     | Noticed a four-headed hydra
 10637 | D:12     | Killed a one-headed hydra
 10638 | D:12     | Reached skill level 1 in Long Blades
 11333 | D:13     | Noticed a two-headed ogre
 11333 | D:13     | Noticed a two-headed ogre
 11334 | D:13     | Noticed an ogre mage
 11336 | D:13     | Noticed a centaur warrior
 11351 | D:12     | Killed a two-headed ogre
 11382 | D:13     | Found a transporter.
 11391 | D:13     | Noticed a boulder beetle
 11392 | D:13     | Reached skill level 1 in Invocations
 11397 | D:13     | Noticed a two-headed ogre
 11408 | D:13     | Noticed a yaktaur captain
 11446 | D:13     | Noticed a boulder beetle
 11486 | D:13     | Noticed a storm dragon
 11519 | D:13     | Noticed a centaur warrior
 11520 | D:13     | Noticed a tengu warrior
 11682 | D:13     | Noticed a frost giant
 11684 | D:13     | Noticed an azure jelly
 11684 | D:13     | a frost giant changed into an azure jelly
 11686 | D:13     | Noticed a quicksilver dragon
 11686 | D:13     | an azure jelly changed into a quicksilver dragon
 11687 | D:13     | Noticed an eleionoma
 11687 | D:13     | a quicksilver dragon changed into an eleionoma
 11691 | D:13     | Killed an eleionoma
 11699 | D:13     | Killed a yaktaur captain
 11700 | D:13     | Reached skill level 10 in Shields
 11706 | D:13     | Killed a two-headed ogre
 11707 | D:13     | Reached skill level 17 in Axes
 11707 | D:13     | Reached XP level 13. HP: 42/117 MP: 4/15
 11730 | D:13     | Found Loskiyth's Distillery.
 12015 | D:13     | Killed an ogre mage
 12123 | D:13     | Reached skill level 5 in Invocations
 12461 | D:13     | Found Emogufer's Armour Emporium.
 12631 | D:13     | Found a transporter.
 12645 | D:13     | Found a gate to the Vaults.
 12731 | D:13     | Found Uttyxex's Gadget Emporium.
 12747 | D:13     | Reached skill level 18 in Axes
 12804 | D:13     | Found Kiomo's Antique Armour Emporium.
 12809 | D:13     | Bought a pair of faintly glowing gloves for 266 gold pieces
 12819 | D:13     | Identified the cursed -6 pair of gloves of Wotresul {*Slow
                  | rPois Str+2 Int+3} (You bought it in a shop on level 13 of
                  | the Dungeon)
 13281 | D:13     | Reached XP level 14. HP: 102/129 MP: 18/18
 13290 | D:13     | Reached skill level 10 in Armour
 13363 | D:13     | Got a vibrating amber ring
 13365 | D:13     | Identified the cursed ring of Suspected Treachery {AC-4
                  | Int+5 Dex-4} (You found it on level 13 of the Dungeon)
 13458 | D:14     | Noticed Nessos
 13481 | D:14     | Killed Nessos
 13731 | D:14     | Reached skill level 5 in Throwing
 14041 | D:14     | You fall into a shaft and drop 1 floor!
 14041 | D:15     | Entered Level 15 of the Dungeon
 14144 | D:15     | Found Botus's Armour Shop.
 14486 | D:15     | Bought a +1 pair of boots for 207 gold pieces
 14682 | D:15     | Reached skill level 19 in Axes
 15009 | D:15     | Found a staircase to the Depths.
 15025 | D:15     | Reached XP level 15. HP: 131/139 MP: 19/19
 15294 | Lair:1   | Entered Level 1 of the Lair of Beasts
 16319 | Lair:2   | Identified the +5 trident of Salt {distort, *Rage rC+ Will+
                  | Str+7}
 16319 | Lair:2   | Noticed generaletaddeo's ghost (journeyman VSBr)
 16481 | Lair:2   | Found a transporter.
 16487 | Lair:2   | Found a transporter.
 16630 | Lair:2   | Reached skill level 15 in Fighting
 16636 | Lair:2   | Found a staircase to the Snake Pit.
 16743 | Lair:2   | Found a staircase to the Swamp.
 17137 | Lair:2   | Found the +8 whip "Snakebite" {curare, rPois}
 17351 | Lair:2   | Found a one-way gate to the infinite horrors of the Abyss.
 17399 | Lair:2   | Killed generaletaddeo's ghost
 18094 | Lair:4   | Noticed Nergalle
 18102 | Lair:4   | Killed Nergalle
 18246 | Lair:4   | Found a sparkling altar of Nemelex Xobeh.
 18372 | Lair:4   | Reached XP level 16. HP: 136/149 MP: 21/21
 19218 | Lair:5   | Reached skill level 20 in Axes
 19787 | Lair:6   | Entered Level 6 of the Lair of Beasts
 19823 | Lair:6   | Found a staircase to the Slime Pits.
 19976 | Lair:6   | Noticed Snorg
 20010 | Lair:6   | Killed Snorg
 20135 | Lair:6   | Found a frozen archway.
 20144 | IceCv    | Entered an ice cave
 20522 | IceCv    | Identified the Papyrus of Igneous Bewitchment
 20998 | Lair:6   | Reached skill level 15 in Shields
 21406 | Lair:6   | Reached XP level 17. HP: 160/160 MP: 23/23
 21838 | Snake:1  | Entered Level 1 of the Snake Pit
 22391 | Snake:1  | Reached skill level 21 in Axes
 22769 | Snake:1  | Found Qopne's Gadget Emporium.
 22769 | Snake:1  | Found Pomygeun's Jewellery Boutique.
 22770 | Snake:1  | Found Enonolek's Gadget Emporium.
 22775 | Snake:1  | Bought a wand of digging (7) for 374 gold pieces
 22882 | Snake:1  | Found Ykalagur's Assorted Antiques.
 22889 | Snake:1  | Bought a scroll labelled BOEXUFU CUPH for 39 gold pieces
 22985 | Snake:1  | Identified the +6 dagger of Eternal Vigilance {freeze,
                  | rF+++ rC++ Dex-2}
 23482 | Snake:2  | Noticed Aizul
 23516 | Snake:2  | Killed Aizul
 24255 | Snake:2  | Noticed Vashnia
 24319 | Snake:2  | Killed Vashnia
 24666 | Snake:3  | Noticed Nikola
 24811 | Snake:3  | Killed Nikola
 25064 | Snake:3  | Reached XP level 18. HP: 148/170 MP: 24/24
 25065 | Snake:3  | Noticed Asterion
 25080 | Snake:3  | Gained mutation: Your body sometimes deteriorates upon
                  | taking damage. [a cacodemon]
 25095 | Snake:2  | The Shining One protects you from harm!
 25095 | Snake:2  | Killed Asterion
 25815 | Snake:3  | Noticed Sagen's ghost (adept DrCj)
 25816 | Snake:3  | Found a runed translucent door.
 25879 | Snake:3  | Found Vefiruc's Book Shop.
 26169 | Snake:3  | Killed Sagen's ghost
 26201 | Snake:3  | Lost mutation: Your body sometimes deteriorates upon taking
                  | damage. [potion of mutation]
 26201 | Snake:3  | Gained mutation: Your magical capacity is low. (-10% MP)
                  | [potion of mutation]
 26201 | Snake:3  | Gained mutation: You do not regenerate when monsters are
                  | visible. [potion of mutation]
 26201 | Snake:3  | Gained mutation: You have large cloven feet. [potion of
                  | mutation]
 26202 | Snake:3  | Lost mutation: You have large cloven feet. [potion of
                  | mutation]
 26202 | Snake:3  | Lost mutation: You do not regenerate when monsters are
                  | visible. [potion of mutation]
 26202 | Snake:3  | Gained mutation: You have large cloven feet. [potion of
                  | mutation]
 26202 | Snake:3  | Gained mutation: You are frail. (-10% HP) [potion of
                  | mutation]
 26202 | Snake:3  | Gained mutation: You are weak. (Str -2) [potion of
                  | mutation]
 26202 | Snake:3  | Gained mutation: You are covered in fur. (AC +1) [potion of
                  | mutation]
 26203 | Snake:3  | Lost mutation: You have large cloven feet. [potion of
                  | mutation]
 26203 | Snake:3  | Lost mutation: Your magical capacity is low. (-10% MP)
                  | [potion of mutation]
 26203 | Snake:3  | Gained mutation: Your body sometimes deteriorates upon
                  | taking damage. [potion of mutation]
 26203 | Snake:3  | Gained mutation: You have supernaturally acute eyesight.
                  | (SInv) [potion of mutation]
 26203 | Snake:3  | Gained mutation: Your flesh is heat resistant. (rF+)
                  | [potion of mutation]
 26203 | Snake:3  | Gained mutation: You have sharp toenails. [potion of
                  | mutation]
 26204 | Snake:3  | Lost mutation: You are frail. (-10% HP) [potion of
                  | mutation]
 26204 | Snake:3  | Lost mutation: You have sharp toenails. [potion of
                  | mutation]
 26204 | Snake:3  | Gained mutation: You are occasionally teleported next to
                  | monsters. [potion of mutation]
 26204 | Snake:3  | Lost mutation: Your body sometimes deteriorates upon taking
                  | damage. [potion of mutation]
 26204 | Snake:3  | Gained mutation: You are partially covered in yellow
                  | scales. (AC +2) [potion of mutation]
 26204 | Snake:3  | Gained mutation: Your spells are a little harder to cast,
                  | but a little more powerful. [potion of mutation]
 26403 | Snake:4  | Entered Level 4 of the Snake Pit
 27501 | Snake:4  | Reached skill level 22 in Axes
 27966 | Snake:4  | Reached XP level 19. HP: 84/180 MP: 22/25
 28323 | Snake:4  | Got a serpentine rune of Zot
 28792 | Orc:1    | Entered Level 1 of the Orcish Mines
 28837 | Orc:1    | Noticed Maurice
 28845 | Orc:1    | Found a runed translucent door.
 28845 | Orc:1    | Found a shimmering altar of Xom.
 28845 | Orc:1    | Noticed Keeluq's ghost (journeyman GrEE)
 28851 | Orc:1    | Killed Maurice
 28894 | Orc:1    | Killed Keeluq's ghost
 29204 | Orc:2    | Entered Level 2 of the Orcish Mines
 29235 | Orc:2    | Noticed Urug
 29243 | Orc:2    | Killed Urug
 29356 | Orc:2    | Found Caap's General Store.
 29356 | Orc:2    | Found Xaupen's Weapon Shop.
 29357 | Orc:2    | Found Jied's Assorted Antiques.
 29374 | Orc:2    | Found Semouh's Assorted Antiques.
 29381 | Orc:2    | Bought a pair of glowing boots for 262 gold pieces
 29381 | Orc:2    | Bought a scroll of teleportation for 105 gold pieces
 29381 | Orc:2    | Bought a scroll of fear for 122 gold pieces
 29381 | Orc:2    | Bought a potion of heal wounds for 175 gold pieces
 29381 | Orc:2    | Bought a scroll of teleportation for 105 gold pieces
 29532 | Orc:2    | Found a staircase to the Elven Halls.
 29608 | Orc:2    | Bought a shimmering helmet for 275 gold pieces
 29608 | Orc:2    | Bought a crude scale mail for 261 gold pieces
 29619 | Orc:2    | Identified the +2 helmet "Qoiph" {rCorr Int+3 Dex+2 Slay-3}
                  | (You bought it in a shop on level 2 of the Orcish Mines)
 29644 | Orc:2    | Identified the +6 scale mail of Tiybros {Harm *Slow rF+
                  | Will+} (You bought it in a shop on level 2 of the Orcish
                  | Mines)
 29704 | Orc:2    | Found Naqiusar's Antique Weapon Shoppe.
 30142 | Elf:1    | Entered Level 1 of the Elven Halls
 30932 | Elf:1    | Got a jewelled short sword
 30933 | Elf:1    | Identified the cursed +2 short sword of Thoughtfulness
                  | {holy, Int+4} (You found it on level 1 of the Elven Halls)
 31240 | Elf:2    | Upgraded the game from 0.26.0-10-g1f06aea511 to
                  | 0.26.0-11-g8f856b5395
 31297 | Elf:2    | Noticed Louise
 31314 | Elf:2    | Killed Louise
 31400 | Elf:2    | Found Enapie Esez's Antique Armour Boutique.
 31455 | Elf:2    | Found a huge runed translucent gate.
 31455 | Elf:2    | Found a huge runed translucent gate.
 31456 | Elf:2    | Found a huge runed translucent gate.
 31457 | Elf:2    | Found a huge runed translucent gate.
 31458 | Elf:2    | Found a huge runed translucent gate.
 31635 | Elf:2    | Reached XP level 20. HP: 169/191 MP: 27/27
 32135 | Elf:2    | Lost mutation: Your spells are a little harder to cast, but
                  | a little more powerful. [potion of mutation]
 32135 | Elf:2    | Lost mutation: You are weak. (Str -2) [potion of mutation]
 32135 | Elf:2    | Lost mutation: You are occasionally teleported next to
                  | monsters. [potion of mutation]
 32135 | Elf:2    | Gained mutation: You tend to lose your temper in combat.
                  | [potion of mutation]
 32135 | Elf:2    | Gained mutation: Your system is resistant to poisons.
                  | (rPois) [potion of mutation]
 32337 | Elf:3    | Entered Level 3 of the Elven Halls
 32382 | Elf:3    | Reached skill level 23 in Axes
 33174 | Elf:3    | Identified the +1 short sword of Xoytsiev {holy, *Drain
                  | Will+ Dex+6}
 33175 | Elf:3    | Identified the ring "Gicobarr" {Will+ SInv}
 33178 | Elf:3    | Identified the +6 quarterstaff of Nerurr {vorpal, Str-2
                  | Int+10 Dex-5 SInv}
 34263 | Elf:3    | Identified a +1 pair of boots of running (You found it on
                  | level 3 of the Elven Halls)
 34268 | Elf:3    | Identified the Collected Works on Creative Attacks
 34312 | Elf:3    | Noticed Donald
 34319 | Elf:3    | Reached skill level 10 in Invocations
 34332 | Elf:3    | Killed Donald
 34342 | Elf:3    | Identified the Tome of Frigorific Changing
 34346 | Elf:3    | Got a fading hunting sling
 34347 | Elf:3    | Identified the cursed +1 hunting sling of Catod {flame,
                  | +Blink} (You found it on level 3 of the Elven Halls)
 34713 | Vaults:1 | Entered Level 1 of the Vaults
 35175 | Vaults:1 | Found a sacrificial altar of Ru.
 35665 | Vaults:1 | Reached skill level 1 in Evocations
 35665 | Vaults:1 | Reached XP level 21. HP: 202/202 MP: 28/28
 36549 | Vaults:2 | Found a sacrificial altar of Ru.
 36942 | Vaults:2 | Reached skill level 24 in Axes
 37723 | Vaults:3 | Found a staircase to the Crypt.
 38528 | Vaults:3 | Identified a scroll of acquirement
 38581 | Vaults:3 | Acquired 680 gold pieces
 39200 | Vaults:4 | Reached XP level 22. HP: 213/213 MP: 29/29
 40312 | Vaults:4 | Reached skill level 25 in Axes
 40534 | Vaults:4 | Got a masterwork dagger
 40535 | Vaults:4 | Identified the +6 dagger "Urax" {protect, SInv} (You found
                  | it on level 4 of the Vaults)
 40565 | Vaults:5 | Entered Level 5 of the Vaults
 40856 | Vaults:5 | Noticed a golden dragon
 40862 | Vaults:5 | Noticed an ancient lich
 40865 | Vaults:5 | Identified the +6 rapier "Olixur" {speed, rPois rN+}
 40875 | Vaults:4 | Reached XP level 23. HP: 70/223 MP: 23/31
 40877 | Vaults:4 | Killed a golden dragon
 41137 | Vaults:4 | Killed an ancient lich
 41315 | Vaults:5 | Identified the +5 spear of Tenacity {chaos, +Blink rPois
                  | rC+++ Int+2}
 41494 | Vaults:5 | Noticed a golden dragon
 41515 | Vaults:5 | Killed a golden dragon
 41961 | Vaults:5 | Identified the +12 scimitar "Sejat" {flame, Dex+5}
 42068 | Vaults:5 | Lost mutation: You are partially covered in yellow scales.
                  | (AC +2) [potion of mutation]
 42068 | Vaults:5 | Lost mutation: Your flesh is heat resistant. (rF+) [potion
                  | of mutation]
 42068 | Vaults:5 | Lost mutation: You have supernaturally acute eyesight.
                  | (SInv) [potion of mutation]
 42068 | Vaults:5 | Lost mutation: You tend to lose your temper in combat.
                  | [potion of mutation]
 42068 | Vaults:5 | Gained mutation: You are partially covered in thin metallic
                  | scales. (AC +2) [potion of mutation]
 42068 | Vaults:5 | Gained mutation: You passively map a small area around you.
                  | [potion of mutation]
 42068 | Vaults:5 | Gained mutation: You are partially covered in icy blue
                  | scales. (AC +2) [potion of mutation]
 42068 | Vaults:5 | Gained mutation: You possess an exceptional clarity of
                  | mind. [potion of mutation]
 42184 | Vaults:5 | Identified the ring "Nitza Vucly" {+Fly AC+4 Int+3}
 42691 | Vaults:5 | Noticed Mennas
 42766 | Vaults:5 | Killed Mennas
 42776 | Vaults:5 | Reached skill level 15 in Armour
 43000 | Vaults:5 | Got a silver rune of Zot
 43529 | Vaults:5 | Reached XP level 24. HP: 231/234 MP: 31/31
 43888 | Swamp:1  | Entered Level 1 of the Swamp
 43975 | Swamp:1  | Noticed Jorgrun
 43982 | Swamp:1  | Killed Jorgrun
 43983 | Swamp:1  | Noticed Frances
 44005 | Swamp:1  | Killed Frances
 45392 | Swamp:3  | Noticed Bai Suzhen
 45410 | Swamp:3  | Killed Bai Suzhen
 45431 | Swamp:3  | Reached skill level 26 in Axes
 45471 | Swamp:3  | Identified Roxanne's Volume of the Mountains
 45471 | Swamp:3  | Noticed Roxanne
 45489 | Swamp:3  | Killed Roxanne
 45958 | Swamp:4  | Entered Level 4 of the Swamp
 46779 | Swamp:4  | Got a decaying rune of Zot
 47085 | Crypt:1  | Entered Level 1 of the Crypt
 48399 | Crypt:3  | Entered Level 3 of the Crypt
 48556 | Crypt:3  | Reached XP level 25. HP: 245/245 MP: 32/32
 48632 | Crypt:3  | Found an ancient bone altar of Kikubaaqudgha.
 48851 | Crypt:3  | Got a steaming hand axe
 48852 | Crypt:3  | Identified the +8 hand axe of Ambiguity {flame, rF+ Will+
                  | Str-3} (You found it on level 3 of the Crypt)
 48947 | Crypt:3  | Noticed an ancient lich
 48954 | Crypt:3  | Killed an ancient lich
 48957 | Crypt:3  | Found a staircase to the Tomb.
 49116 | Crypt:3  | Identified the Papyrus of Lethal Intoxication
 49218 | Crypt:3  | Got a heavily runed jade amulet
 49219 | Crypt:3  | Identified the amulet of Kanwot {Inacc rPois} (You found it
                  | on level 3 of the Crypt)
 49417 | Tomb:1   | Entered Level 1 of the Tomb of the Ancients
 49843 | Tomb:1   | Reached skill level 27 in Axes
 49875 | Tomb:1   | Noticed a royal mummy
 49890 | Tomb:1   | Killed a royal mummy
 50022 | Tomb:1   | Noticed a royal mummy
 50022 | Tomb:1   | Noticed a royal mummy
 50356 | Tomb:1   | Killed a royal mummy
 50596 | Tomb:1   | Noticed a royal mummy
 50602 | Tomb:1   | Killed a royal mummy
 50604 | Tomb:1   | Killed a royal mummy
 50605 | Tomb:1   | Reached XP level 26. HP: 151/256 MP: 32/32
 50948 | Tomb:2   | Noticed a royal mummy
 50952 | Tomb:2   | Noticed a royal mummy
 50977 | Tomb:2   | Noticed a royal mummy
 50979 | Tomb:2   | Killed a royal mummy
 51000 | Tomb:2   | Noticed a royal mummy
 51006 | Tomb:2   | Killed a royal mummy
 51011 | Tomb:2   | Killed a royal mummy
 51048 | Tomb:2   | Killed a royal mummy
 51897 | Tomb:3   | Entered Level 3 of the Tomb of the Ancients
 51938 | Tomb:3   | Noticed a royal mummy
 51940 | Tomb:3   | Noticed a royal mummy
 51940 | Tomb:3   | Noticed a royal mummy
 51948 | Tomb:3   | Found the +2 ratskin cloak {*Rats rPois rN+ Str-1 Int-1
                  | Dex+1}
 52241 | Tomb:3   | Noticed a royal mummy
 52243 | Tomb:3   | Noticed a royal mummy
 52243 | Tomb:3   | Noticed Khufu
 52245 | Tomb:3   | Killed a royal mummy
 52245 | Tomb:3   | Noticed a royal mummy
 52259 | Tomb:3   | Noticed a royal mummy
 52263 | Tomb:3   | Gained mutation: Scrolls take you a little longer to read.
                  | [mutagenic glow]
 52277 | Tomb:3   | Gained mutation: You are frail. (-10% HP) [mutagenic glow]
 52285 | Tomb:3   | Gained mutation: You are very frail. (-20% HP) [mutagenic
                  | glow]
 52296 | Tomb:3   | Noticed a royal mummy
 52303 | Tomb:3   | Killed a royal mummy
 52311 | Tomb:3   | Reached skill level 15 in Invocations
 52324 | Tomb:3   | Killed a royal mummy
 52370 | Tomb:3   | Killed a royal mummy
 52379 | Tomb:3   | Killed a royal mummy
 52399 | Tomb:3   | Killed Khufu
 52408 | Tomb:3   | Killed a royal mummy
 52432 | Tomb:3   | HP: 9/206 [poisoned by an ushabti (dark miasma)]
 52478 | Tomb:3   | HP: 1/206 [royal mummy/divine providence (14)]
 52479 | Tomb:3   | Killed a royal mummy
 52479 | Tomb:3   | Killed by a royal mummy's death curse

Illustrated notes

Levels and vault maps discovered:
D:1:      mrwooster_arrival_arrow, layout_basic, minmay_pentomino_q2
D:2:      layout_loops_ring, nicolae_tso_swordbearing_angel, uniq_robin,
          uniq_terence
D:3:      layout_loops_ring, minmay_surrounded
D:4:      layout_gridville, ashenzari_altar_1, marbit_many_paths,
          grunt_ministairs_15, corexii_corridor_pit
D:5:      cheibrodos_quashed, layout_gridville, basic_altar,
          gammafunk_ghost_necromancy, nrook_mini_backslash
D:6:      hangedman_cross_stitches, layout_basic, lemuel_doored_altar,
          nicolae_ossuary_entry_ruins, serial_shops, kennysheep_little_box,
          serial_glass, glass_columns_a, glass_columns_a, item_on_display_a,
          due_unseen_surprise, minmay_strange_pillars, basic_altar, uniq_edmund,
          uniq_duvessa
D:7:      layout_layer_cave, minmay_temple_entry_hall, basic_altar,
          hangedman_abyss_or_decor_passed, makhleb_heckhound_becter
D:8:      layout_basic, uniq_psyche, uniq_joseph, uniq_erica
D:9:      layout_irregular_city
D:10:     layout_small_grid, chequers_serial_rivers_room_a
D:11:     layout_basic, dpeg_lair_monsters, orc_0_dummy, enter_trove_0,
          uniq_grum
D:12:     layout_small_grid, serial_shops, shop_statue,
          kennysheep_generic_room_6
D:13:     gammafunk_the_bubble [the_bubble_gammafunk_plus_minus],
          layout_loops_cross, hangedman_vaults_entry_quadrant_bands,
          gauntlet_entry_generic, serial_shops, nicolae_shop_window_shopping,
          nicolae_shop_statue_plus, shop_statue, shop_fountains,
          minmay_the_grid_square_5x5_3x3_mashed
          [minmay_the_grid_square_5x5_fancy_junction,
          minmay_the_grid_square_5x5_dogpile,
          minmay_the_grid_square_5x5_one_wall, minmay_the_grid_square_5x5_two,
          minmay_the_grid_square_5x5_megaprize_crossed,
          minmay_the_grid_square_5x5_inset,
          minmay_the_grid_square_5x5_inverted_slash,
          minmay_the_grid_square_5x5_fat_x,
          minmay_the_grid_square_5x5_bracketed]
D:14:     layout_rooms, kennysheep_cross_room, uniq_nessos
D:15:     grunt_enter_depths_magical_seal, layout_basic, serial_shops, shop,
          kennysheep_pointless_box
Lair:1:   layout_cave_pods, guppyfry_lair_drakes
Lair:2:   minmay_guarded_unrand_snakebite, layout_hall_layers,
          palyth_hydra_swamp_entry, minmay_snake_entry_guardpost_medium,
          gammafunk_ghost_abyssal_escape
Lair:3:   layout_chaotic_city
Lair:4:   layout_roguey [special_room_bee], basic_altar, lemuel_fruit_tree,
          serial_bayou_shore_b, uniq_nergalle
Lair:5:   layout_regular_city, serial_bayou_shore_b, wad_woods_river_01,
          serial_bayou_shore_a, infiniplex_staircase_pool
Lair:6:   evilmike_catoblepas_cave, layout_loops_ring,
          minmay_slime_entry_jelly_boxes, portal_ice_cave_rime, uniq_snorg
Swamp:1:  layout_basic_swamp, nicolae_swamp_triple_paths, uniq_jorgrun,
          uniq_frances
Swamp:2:  layout_basic_swamp, hangedman_swamp_pad
Swamp:3:  layout_basic_swamp, hangedman_swamp_cone, uniq_roxanne,
          uniq_bai_suzhen
Swamp:4:  swamp_icy, layout_basic_swamp, swamp_pool5
Snake:1:  layout_layer_cave, serial_shops, shop_fountains, minmay_shop_grove,
          grunt_megastairs_5
Snake:2:  layout_cave_pods, drop_trap, uniq_aizul, uniq_vashnia
Snake:3:  layout_misc_corridors, ebering_ghost_inner_flame, serial_shops,
          shop_statue, uniq_asterion, uniq_nikola
Snake:4:  grunt_snake_rune_pools, layout_gridlike, grunt_megastairs_3
Orc:1:    layout_caves, ebering_ghost_xom, uniq_maurice
Orc:2:    st_orc_rangers, layout_caves, serial_shops, shop, uniq_urug
Elf:1:    layout_loops_corners, hangedman_elven_crosses_minicolossus,
          lemuel_statue_altar
Elf:2:    layout_geoelf_diagonals, serial_shops, shop, st_stairs_2, uniq_louise
Elf:3:    minmay_elf_hall_spiked, layout_geoelf_diagonals,
          minmay_misc_feat_rows, drop_trap, uniq_donald
Vaults:1: vaults_dpeg_encased_lava, st_lattice, grunt_vaults_funnel,
          vaults_room_large_hall, hangedman_vaults_cutoff,
          hangedman_vaults_locks, v_rooms_2, ontoclasm_vaults_gateway,
          vaults_room_stairs_pillars, layout_vaults_chaotic_city, basic_altar
Vaults:2: v_pattern_3, nicolae_vaults_circle_grid_b,
          nicolae_vaults_quartermaster, v_misc_26, v_misc_4, v_misc_12,
          grunt_vaults_focal, vaults_room_fours, nicolae_vaults_ninety_degrees,
          ontoclasm_vaults_twist, layout_vaults_omnicross, basic_altar
Vaults:3: vaults_room_door_ring, vaults_room_stairs_pillars,
          hangedman_vaults_trim, vaults_room_grid, grunt_vaults_swirl,
          vaults_dpeg_ring, vaults_room_guarded_vault, layout_vaults_omnigrid,
          dummy_crypt_entry
Vaults:4: hangedman_vaults_impose, v_misc_3, nicolae_vaults_stairing_the_circle,
          v_rooms_5, hangedman_vaults_hat, vaults_dpeg_diagonal,
          vaults_dpeg_hooks, v_pattern_4, st_check, layout_vaults_omnibox
Vaults:5: serial_shops, uniq_mennas
Crypt:1:  layout_gridlike
Crypt:2:  layout_chaotic_city
Crypt:3:  grunt_crypt_end_deaths_head
Tomb:1
Tomb:2
Tomb:3

Skill      XL: |  1  2  3  4  5  6  7  8  9 10 11 12 13 14 15 16 17 18 19 20 21 22 23 24 25 26 |
---------------+-------------------------------------------------------------------------------+-----
Axes           | 3 4 5 6 8 10 12 14 15 17 18 19 20 21 22 23 24 25 26 27 | 27.0
Fighting       | 4 5 6 8 9 10 11 13 14 15 16 17 18 19 20 21 22 23 24 25 | 25.1
Shields        | 4 5 7 8 10 11 12 14 15 16 18 19 20 21 22 23 24 25 26 | 26.5
Armour         | 4 5 7 8 9 10 11 12 13 14 15 16 | 16.1
Throwing       | 1 2 3 4 5 6 7 |  7.0
Stealth        | 1 2 3 |  3.2
Long Blades    | 1 |  1.0
Invocations    | 3 5 6 7 8 9 10 11 12 16 | 16.2
Evocations     | 1 2 |  2.5
Dodging        | |  0.5

Action                   |  1- 3 |  4- 6 |  7- 9 | 10-12 | 13-15 | 16-18 | 19-21 | 22-24 | 25-27 || total
-------------------------+-------+-------+-------+-------+-------+-------+-------+-------+-------++-------
Melee: War axe           |   127 |   197 |   305 |   546 |   920 |  1248 |  1412 |  1403 |   647 ||  6805
       Scimitar          |       |       |       |     8 |     5 |       |       |       |       ||    13
Throw: Boomerang         |       |     2 |       |       |       |       |       |       |       ||     2
       Dart              |       |       |    12 |    54 |   126 |   136 |    84 |   110 |     1 ||   523
Invok: Brand Weapon With |       |       |       |     1 |       |       |       |       |       ||     1
       Summon Divine War |       |       |       |     2 |       |     1 |     2 |     1 |    13 ||    19
       Divine Shield     |       |       |       |     1 |    26 |    27 |    30 |    27 |    25 ||   136
       Cleansing Flame   |       |       |       |       |       |       |       |     2 |    19 ||    21
 Abil: Evoke Flight      |       |       |       |       |       |     1 |       |       |       ||     1
Evoke: Wand              |       |       |       |     1 |     1 |       |       |     2 |       ||     4
       Tin of tremorston |       |       |       |       |       |       |     4 |     3 |       ||     7
       Lightning rod     |       |       |       |       |       |       |     3 |     6 |       ||     9
       Box of beasts     |       |       |       |       |       |       |     2 |       |     1 ||     3
  Use: Scroll            |     5 |     3 |    12 |     5 |    10 |     5 |     8 |    10 |    17 ||    75
       Potion            |       |     1 |       |     1 |     5 |     5 |     1 |     2 |    42 ||    57
Armor: Scale mail        |    87 |    39 |       |       |       |       |       |       |       ||   126
       Troll leather arm |       |    34 |       |       |       |       |       |       |       ||    34
       Plate armour      |       |       |   109 |       |       |       |       |       |       ||   109
       Chain mail        |       |       |    13 |   217 |   280 |   381 |   254 |   450 |   211 ||  1806
Dodge: Dodged            |    48 |    69 |    46 |    92 |   158 |   184 |   119 |   210 |    73 ||   999
Block: Kite shield       |    73 |   108 |   145 |   243 |   755 |  1340 |  1253 |  1570 |   774 ||  6261
       Reflection        |       |       |       |       |     1 |   156 |   212 |    80 |    10 ||   459
       Rpst.: Scimitar   |       |       |       |       |     2 |       |       |       |       ||     2
